[Event "5th Vera Menchik Memorial 2022"]
[Site "Prag"]
[Date "2022.06.05"]
[Round "5.8"]
[White "Slanec, Jan"]
[Black "Hrabusa, Matej"]
[Result "0-1"]
[ECO "B23"]
[WhiteElo "1957"]
[BlackElo "2361"]
[Annotator "TA"]
[PlyCount "92"]
[EventDate "2022.06.05"]
[EventType "tourn"]
[EventCountry "CZE"]
[SourceTitle "playchess.com"]
[Source "ChessBase"]
[SourceQuality "1"]
[TimeControl "720+3"]

1. e4 c5 2. Nc3 d6 3. d3 Nc6 4. f4 g6 5. Nf3 Bg7 6. h3 {[%emt 0:00:01] B23: Closed Sicilian: Lines without g3.} e5 7. g4 exf4 (7... h5 $5 8. g5 Nge7 $11) 8. Bxf4 {[%emt 0:00:01] The position is equal.} Nge7 9. Bg2 O-O {[%emt 0:00:02] [#]} 10. Qd2 $146 ({Predecessor:} 10. O-O Rb8 11. Qd2 b5 12. Rae1 b4 13. Nd1 Be6 14. Bh6 f6 15. Bxg7 Kxg7 16. c3 Bxa2 {½-½ (62) Phildius,B (2312)-Womacka,M (2436) Playchess.com INT 2005}) 10... d5 11. Bh6 d4 12. Ne2 Qa5 (12... f6 $11) 13. c3 $1 $16 dxc3 14. bxc3 Be6 15. Bxg7 Kxg7 16. Nf4 Rad8 17. O-O $1 Bc8 18. Rf2 (18. Rae1 $1 $16) 18... f6 $14 19. Raf1 Qc7 20. d4 cxd4 ({Black should play} 20... Ne5 $14) 21. cxd4 $18 (21. Nxd4 $6 Qd6 $14) 21... Ne5 22. d5 $1 ({Much less strong is} 22. Rc1 $6 Qb6 $16) 22... Nxf3+ 23. Rxf3 Nc6 (23... Kg8 $142 24. Qc3 Qxc3 25. Rxc3 Rd6) 24. Rc1 (24. Qc3 $18 {is the precise move to win.}) 24... Qb6+ $16 25. Kh1 Ne5 26. Rfc3 ({Better is} 26. Rb3 $16 Qd6 27. Rxc8 $1 Rxc8 28. Ne6+ Kh8 29. Nxf8 Qxf8 30. Rxb7) 26... Kg8 $1 $14 27. Rc7 Qd6 (27... Bd7 $14) 28. Qf2 (28. Nd3 $16) 28... g5 (28... Bd7 $1 $11 {remains equal.}) 29. Nh5 $16 Nd3 (29... Bd7 $16 {keeps fighting.}) 30. Rg7+ $18 ({Inferior is} 30. Qxa7 Nxc1 31. Rxc1 Rf7 $11) 30... Kh8 {[%emt 0:00:01] Dancing on a razor blade.} 31. Qe3 {[%emt 0:00:34][%mdl 8192] Black converts the advantage convincingly.} (31. Qc2 $1 $18 {[%cal Rc2d3] is the narrow road to win.} Ne5 32. Qc7 Qxc7 33. Rcxc7) 31... Nxc1 $19 32. Qxc1 Rd7 33. Rxd7 Bxd7 34. Qc3 Qe5 35. Qb4 Rc8 36. Bf1 a5 37. Qxb7 {[%emt 0:00:01] [#]} Qxe4+ (37... Rc2 $142 $1 38. Qa8+ Bc8 39. Bg2 Rc1+ 40. Bf1 Qxe4+ 41. Kg1 Qe3+ 42. Kg2 Rc2+ 43. Kh1 Qf3+ 44. Kg1 Qf2+ 45. Kh1 Qxf1#) 38. Kg1 Qe3+ 39. Kh1 {[%emt 0:00:01] [#]} Qe7 $2 (39... Rc2 $1 {( -> ...Qf3+)} 40. Qb8+ Be8) 40. Qb6 (40. Qb2 $142 Qe5 41. Qxe5 fxe5 42. Kg2) 40... Rf8 {[%emt 0:00:18] Hoping for ...Qe4+.} 41. Bg2 (41. Qxa5 $142 Qe5 42. Qa7 Qxd5+ 43. Kg1) 41... Qe5 42. Qb7 {[%emt 0:00:00] [#]} (42. Kg1 $142 Be8 43. Qe6) 42... Kg8 $4 43. Qc7 Rb8 $2 44. Qxd7 $4 (44. Nxf6+ $11 Qxf6 45. Qxb8+ Kf7 46. Qc7) 44... Rb1+ {[%emt 0:00:04] Black mates.} 45. Bf1 Rxf1+ 46. Kg2 Qe2+ {[%emt 0:00:02] Weighted Error Value: White=1.00/Black=1.01} 0-1

[Event "5th Vera Menchik Memorial 2022"]
[Site "Prag"]
[Date "2022.06.05"]
[Round "5.9"]
[White "Richtrova, Eliska"]
[Black "Soural, Jan"]
[Result "1/2-1/2"]
[ECO "B25"]
[WhiteElo "2204"]
[BlackElo "2140"]
[Annotator "TA"]
[PlyCount "100"]
[EventDate "2022.06.05"]
[EventType "tourn"]
[EventCountry "CZE"]
[SourceTitle "playchess.com"]
[Source "ChessBase"]
[SourceQuality "1"]
[TimeControl "720+3"]

1. e4 c5 2. Nc3 Nc6 3. g3 g6 4. Bg2 Bg7 5. d3 e6 6. Be3 d6 7. Qd2 Rb8 8. Nh3 b5 9. O-O Nge7 10. Bh6 O-O 11. Bxg7 Kxg7 12. f4 Nd4 13. Nd1 {[%emt 0:00:27] B25: Closed Sicilian: 3 g3, lines without early Be3.} b4 14. Ne3 f5 15. c3 {[%emt 0:01:04] White is slightly better.} bxc3 16. bxc3 Ndc6 17. g4 {[%emt 0:01:17] [#]} (17. Ng5 $14) 17... d5 $146 ({Predecessor:} 17... Bd7 18. Kh1 Qc7 19. Rac1 Rb5 20. gxf5 exf5 21. d4 fxe4 22. d5 Na5 23. Ng5 Nf5 24. Bxe4 Nxe3 25. Qxe3 {1-0 (33) Konsek,P (1979)-Thuerauf,P (1919) Zirndorf 2002}) 18. gxf5 gxf5 19. exd5 (19. Qf2 {is more complex.} d4 20. cxd4 Nxd4 21. exf5 Nexf5 22. Rac1) 19... exd5 20. Kh1 Kh8 21. Rg1 d4 22. Nc4 dxc3 23. Qxc3+ Qd4 24. Qa3 (24. Qe1 $5 ) 24... Be6 25. Rac1 Bd5 {[%emt 0:00:25] [#] Strongly threatening ...Rg8.} (25... Rg8 $5 26. Qc3 (26. Ng5 Bd5 $17) 26... Qxc3 27. Rxc3 Nd4 $15) 26. Rc2 $2 (26. Na5 $11) 26... Nb4 27. Re2 Ng6 28. Qxa7 $2 (28. Bxd5 $17 Qxd5+ 29. Reg2) 28... Rb7 29. Qa3 Qxd3 $2 (29... Nxd3 $19 30. Ne3 Ngxf4 31. Nxf4 Nxf4 32. Bxd5 Nxe2 33. Bxb7 Nxg1) 30. Qxd3 $11 Bxg2+ 31. Kxg2 Nxd3 32. Kf3 (32. Kh1 $15) 32... Rb4 33. Rc2 Re8 (33... Rd8 $17 {next ...Ra4 is good for Black.} 34. Kg2 Kg7) 34. Nd6 $2 (34. Rc3 $11 {and White stays safe.}) 34... Ne1+ ({Black should try} 34... Re1 $19 35. Re2 Rxg1 36. Re8+ Kg7 37. Nxg1 Kf6) 35. Rxe1 $17 Rxe1 36. Rxc5 Ra1 (36... Rf1+ $17 37. Ke3 Nxf4 38. Nxf5 Ng2+ 39. Ke2 Re1+ 40. Kf2 Rb2+ 41. Kg3 Re8) 37. Nxf5 {[%emt 0:00:05] [#] Threatening mate with Rc8+.} Kg8 38. Ra5 Rb2 {[%emt 0:00:07][%mdl 1024] Black has compensation.} 39. Ra8+ Kf7 40. Ng5+ Kf6 41. Kg4 $2 (41. Ne3 $11) 41... Rg1+ $2 (41... h5+ $1 $19 42. Kxh5 Rxh2+ 43. Kg4 Rg1+ 44. Kf3 Kxf5 45. Ra5+ Kf6 46. Ra6+ Kg7) 42. Ng3 $11 Rxh2 {[%emt 0:00:05] Hoping for ...Rh4+.} 43. Ra6+ Ke7 44. Nxh7 (44. Ra7+ $11 Kd8 45. Ra8+ (45. Nf3 $2 h5+ 46. Kf5 Nh4+ 47. Nxh4 Rxg3 $19) 45... Kc7 46. Ra7+ (46. Nf3 $2 h5+ 47. Kf5 Nh4+ 48. Nxh4 Rxg3 $19) 46... Kd6 47. Rxh7 (47. Nf3 $2 h5+ 48. Kf5 Nh4+ 49. Nxh4 Rxg3 $19) 47... Rxh7 48. Nxh7) 44... Kd7 45. Rxg6 Rxh7 {[%emt 0:00:01] KRR-KRN} 46. f5 Rh2 47. Kf4 Rf2+ 48. Ke5 Rfg2 49. Ne4 Rxg6 50. fxg6 Rxg6 {[%emt 0:00:01] Weighted Error Value: White=0.84/Black=0.66} 1/2-1/2

[Event "5th Vera Menchik Memorial 2022"]
[Site "Prag"]
[Date "2022.06.05"]
[Round "5.10"]
[White "Jirovsky, Pavel"]
[Black "Filindash, Nikita"]
[Result "1-0"]
[ECO "D34"]
[WhiteElo "2296"]
[BlackElo "1404"]
[Annotator "TA"]
[PlyCount "51"]
[EventDate "2022.06.05"]
[EventType "tourn"]
[EventCountry "CZE"]
[SourceTitle "playchess.com"]
[Source "ChessBase"]
[SourceQuality "1"]
[TimeControl "720+3"]

1. d4 d5 2. Nf3 e6 3. g3 c5 4. Bg2 Nc6 5. O-O Nf6 6. c4 cxd4 7. Nxd4 Be7 8. Nc3 O-O 9. cxd5 exd5 10. Bf4 Be6 {[%emt 0:01:23] is the legacy move (10...Qb6).} 11. Rc1 {[%emt 0:00:14] D34: Tarrasch Defence: 6 g3 Nf6 7 Bg2 Be7.} Rc8 ({Black should play} 11... Qd7 $14) 12. Na4 {[%emt 0:01:04] White is more active.} (12. Nxe6 $16 fxe6 13. Bh3) 12... Nxd4 $11 13. Qxd4 {[%emt 0:00:04] The position is equal.} b6 14. Be5 Qd7 15. Rfd1 {[%emt 0:00:30] [#]} (15. e3 {looks sharper.} Ng4 16. Bxg7 Rxc1 17. Rxc1 Rc8 18. Rxc8+ Qxc8 19. Nc3) 15... Rxc1 $146 ({Predecessor:} 15... Rfd8 16. Bf3 Qb5 17. b3 Ne8 18. Rxc8 Rxc8 19. Nc3 Qa5 20. Nxd5 Bc5 {1-0 (28) Reschke,H (2037)-Pawlick,H (1943) Mecklenburg VP 2002}) 16. Rxc1 Rc8 17. Rc3 (17. Rxc8+ $14 Qxc8 18. Nc3) 17... Rxc3 18. Nxc3 Bc5 19. Qf4 Ng4 (19... d4 $1 $15 20. Ne4 Nxe4 21. Qxe4 f6) 20. Bd4 $14 Bxd4 21. Qxd4 Nf6 22. e3 Qc6 23. h3 Kf8 24. Bf1 Ne4 25. Qb4+ (25. Nxe4 $1 $14 dxe4 26. Qd8+ Qe8 27. Qc7) 25... Ke8 $2 {[%emt 0:00:27][%mdl 8192] [#]} (25... Qc5 $11 26. Qa4 Nxc3 27. bxc3 Qc7) 26. Bb5 {[%emt 0:00:07] Weighted Error Value: White=0.37/Black=0.25 (precise)} 1-0

[Event "5th Vera Menchik Memorial 2022"]
[Site "Prag"]
[Date "2022.06.05"]
[Round "5.11"]
[White "Jedlicka, Ales"]
[Black "Sboev, Kirill"]
[Result "1-0"]
[ECO "D36"]
[WhiteElo "2207"]
[BlackElo "1229"]
[Annotator "TA"]
[PlyCount "59"]
[EventDate "2022.06.05"]
[EventType "tourn"]
[EventCountry "CZE"]
[SourceTitle "playchess.com"]
[Source "ChessBase"]
[SourceQuality "1"]
[TimeControl "720+3"]

1. d4 d5 2. c4 e6 3. Nc3 Nf6 4. cxd5 exd5 5. Bg5 c6 6. e3 Be7 7. Qc2 O-O 8. Bd3 h6 9. Bh4 Be6 10. Nf3 Nbd7 {[%emt 0:00:00] D36: Queen's Gambit Declined: Exchange Variation: Main line (5 Bg5 c6 6 Qc2).} 11. O-O Qc7 12. Bg3 {[%emt 0:00:30] [#]} Qb6 $146 {[%emt 0:00:00] White is slightly better.} ({Predecessor:} 12... Qd8 13. h3 Re8 14. a3 Nf8 15. Ne5 Bd6 16. f4 Bc8 17. Bh4 Be7 18. Qf2 Nh5 19. Bxe7 Qxe7 {1-0 (39) Merino Araguas,J (1813)-Ballesteros Galvez,D (1789) Madrid 2014}) 13. Na4 Qd8 14. h3 Nb6 15. Nc5 Bxc5 16. dxc5 ({Much less strong is} 16. Qxc5 Ne4 17. Bxe4 dxe4 $14) 16... Nc8 (16... Nbd7 $142) 17. Nd4 Bd7 18. b4 {[%emt 0:00:11] White is much more active.} b6 (18... Ne7 $16 {might work better.} 19. Bf4 Ng6) 19. Rfc1 b5 (19... Ne7 $142 20. Rab1 Re8) 20. a4 $18 bxa4 21. Qxa4 ({Don't do} 21. Rxa4 Ne4 22. Bxe4 dxe4 23. Qxe4 Qf6) 21... Re8 $2 {[%emt 0:00:00] [#]} (21... Ne7 22. b5 cxb5) 22. Nxc6 Bxc6 23. Qxc6 Ne7 24. Qa4 Nd7 (24... Ne4 $142 25. Bxe4 dxe4) 25. c6 {[%emt 0:00:27] White is clearly winning.} Nb6 26. Qa6 d4 27. e4 Qc8 28. c7 Qxa6 29. Bxa6 f5 30. Bb7 {[%emt 0:00:20] Black did not feel at home in the position after the opening.  Weighted Error Value: White=0.26 (precise) /Black=0.48} 1-0

[Event "5th Vera Menchik Memorial 2022"]
[Site "Prag"]
[Date "2022.06.05"]
[Round "5.12"]
[White "Rousek, Jan"]
[Black "Pachmann, Ales"]
[Result "1-0"]
[ECO "A04"]
[WhiteElo "2040"]
[BlackElo "2288"]
[Annotator "TA"]
[PlyCount "121"]
[EventDate "2022.06.05"]
[EventType "tourn"]
[EventCountry "CZE"]
[SourceTitle "playchess.com"]
[Source "ChessBase"]
[SourceQuality "1"]
[TimeControl "720+3"]

1. d4 Nf6 2. c4 g6 3. g3 Bg7 4. Bg2 O-O 5. Nf3 c5 6. O-O cxd4 7. Nxd4 Nc6 8. Nxc6 bxc6 9. Nc3 Rb8 10. Qc2 {[%emt 0:00:54] A04: Unusual lines after 1 Nf3 and King's Indian Attack.} Qa5 11. Bf4 d6 12. Rac1 {[%emt 0:01:52] White is slightly better.} Qh5 13. e4 {[%emt 0:05:09] [#]} (13. Bxc6 $14 g5 14. Bf3) 13... e5 $146 ({Much weaker is} 13... Ng4 $6 14. h3 Ne5 15. g4 $11) ({Black should play} 13... g5 $17 14. Bd2 Ng4) ({Predecessor:} 13... Bh3 14. Bxh3 Qxh3 15. f3 Qh5 16. b3 Nd7 17. Qe2 Qa5 18. Bd2 Qc7 19. Na4 Nb6 {½-½ (59) Koop,T (2103)-Grewenig,J (2045) Oberhof 2012}) 14. Be3 {[%emt 0:00:07] [#]} (14. Bd2 $14 {is the one way to stay ahead.}) 14... Ng4 $1 $17 15. h4 Nxe3 16. fxe3 g5 17. Bf3 g4 (17... Qg6 $17 {...gxh4 is the strong threat.} 18. h5 Qe6) 18. Bg2 $11 Bh6 19. Qe2 Be6 20. b3 Qg6 21. Rcd1 Rbd8 22. Qf2 f5 23. exf5 Bxf5 24. Qe2 {[%emt 0:00:08] Against Bd3} e4 $1 25. Qd2 Bg7 26. Ne2 d5 (26... Be5 $14) 27. Nf4 $16 Qd6 28. cxd5 cxd5 29. Qxd5+ Qxd5 30. Rxd5 Rxd5 31. Nxd5 Bg6 32. Ne7+ Kh8 33. Rxf8+ Bxf8 34. Nxg6+ hxg6 35. Bxe4 {[%emt 0:00:01][%mdl 4096] Endgame KB-KB} Kg7 36. Kf2 Kf6 ({Black should try} 36... Kh6 $14) 37. Ke2 $2 (37. Bb7 $18) 37... Ke5 $2 (37... Bd6 $11 {and Black has nothing to worry.}) 38. Bxg6 $18 {[%emt 0:00:00] [#] aiming for Bh5.} Bc5 $2 (38... Bd6 39. Be8 Ke4) 39. e4 $2 (39. Bh5 Kf5 40. e4+ Kxe4 41. Bxg4) 39... Be7 (39... Kd4 $142 40. Bf5 a5 41. Bxg4 Kxe4) 40. Bf5 Bc5 $2 (40... Kd4 41. Bxg4 Kxe4) 41. Kd3 Bf2 42. Bxg4 Bxg3 43. h5 {[%emt 0:00:00] Black must now prevent h6.} Bf4 44. Bf5 a5 45. Kc4 {[%emt 0:00:00] White mates.} Bd2 46. a3 Bc1 47. b4 axb4 48. axb4 Be3 49. Kb5 Kd6 50. Ka6 Kc7 51. b5 Bf4 52. b6+ Kb8 53. b7 Be5 54. h6 Bf6 55. h7 Bg7 56. Kb6 Bh8 57. Kc6 Bg7 58. Bc8 Bh8 59. Kd6 Bg7 60. e5 Bh8 61. e6 {[%emt 0:00:01] Weighted Error Value: White=0.53/Black=0.76} 1-0

[Event "5th Vera Menchik Memorial 2022"]
[Site "Prag"]
[Date "2022.06.05"]
[Round "5.13"]
[White "Vybiral, Zdenek"]
[Black "Svacina, Tobias"]
[Result "1-0"]
[ECO "D10"]
[WhiteElo "2167"]
[BlackElo "1872"]
[Annotator "TA"]
[PlyCount "45"]
[EventDate "2022.06.05"]
[EventType "tourn"]
[EventCountry "CZE"]
[SourceTitle "playchess.com"]
[Source "ChessBase"]
[SourceQuality "1"]
[TimeControl "720+3"]

1. d4 d5 2. c4 c6 3. cxd5 cxd5 4. Bf4 Nc6 5. e3 Bf5 6. Nc3 {[%emt 0:00:10] D10: Slav Defence: 3 cxd5 (without early Nf3) and 3 Nc3.} (6. Qb3 $5 ) 6... a6 {[%emt 0:00:01] [#]} (6... e6 $11 {keeps the balance.}) 7. Qb3 $1 $16 e6 8. Qxb7 {[%emt 0:00:37] White is better.} Na5 9. Qc7 {[%emt 0:00:28] [#] White is much more active.} Rc8 $146 (9... Qxc7 $16 10. Bxc7 Bb4) ({Predecessor:} 9... Qxc7 10. Bxc7 Bb4 11. Kd2 Nf6 12. f3 Kd7 13. Bxa5 Bxa5 14. Bd3 Bxd3 15. Kxd3 Rab8 {1-0 (69) Kostic,F (2257)-Vukic,R (2343) Sombor 2010}) 10. Qxd8+ $18 Kxd8 11. Bxa6 Rc6 (11... Ra8 $142) 12. Bb5 Rb6 13. Nge2 Nc4 (13... Bb4 $142) 14. a4 Nxb2 $2 (14... Na5 15. O-O Nf6) 15. a5 Rb7 16. a6 Ra7 17. Bb8 Ra8 18. a7 Nd3+ 19. Kd2 {[%emt 0:00:09] [#] Black must now prevent Bc6.} Nb4 {[%emt 0:00:12] Inhibits Bc6.} 20. Rhc1 Ne7 21. Na2 Nxa2 22. Rxa2 (22. Bc7+ $142 Kc8 23. Ba5+ Bc2 24. Rxc2+ Nc3 25. Rxc3+ Nc6 26. Rxc6+ Kd7 27. Rc7+ Kd8 28. Rxf7+ Kc8 29. Ba6#) 22... e5 23. Bc7+ {[%emt 0:01:42] Black did not feel at home in the position after the opening.  Weighted Error Value: White=0.11 (very precise) /Black=1.25} 1-0

[Event "5th Vera Menchik Memorial 2022"]
[Site "Prag"]
[Date "2022.06.05"]
[Round "5.14"]
[White "Kucera, David"]
[Black "Kulovana, Eva"]
[Result "0-1"]
[ECO "D10"]
[WhiteElo "1782"]
[BlackElo "2173"]
[Annotator "TA"]
[PlyCount "96"]
[EventDate "2022.06.05"]
[EventType "tourn"]
[EventCountry "CZE"]
[SourceTitle "playchess.com"]
[Source "ChessBase"]
[SourceQuality "1"]
[TimeControl "720+3"]

1. d4 d5 2. c4 c6 3. g3 Nf6 4. Bg2 Bg4 5. cxd5 cxd5 6. Nf3 {[%emt 0:00:02] D10: Slav Defence: 3 cxd5 (without early Nf3) and 3 Nc3.} Nc6 7. O-O e6 8. Nc3 {[%emt 0:00:08] The position is equal.} a6 9. Bf4 Bd6 {[%emt 0:00:07] [#]} 10. Rc1 $146 ({Predecessor:} 10. Bxd6 Qxd6 11. e3 O-O 12. Ne2 Rfc8 13. h3 Bf5 14. a3 Na5 15. Ne5 Bc2 16. Qe1 {½-½ (27) Gebhardt,C (1913)-Hafensteiner,T (1822) Forchheim 2016}) 10... Bxf4 11. gxf4 Bxf3 12. Bxf3 Qd6 13. e3 h6 14. Qd3 Ne7 15. e4 (15. Rc2 $11) 15... Qxf4 $17 16. exd5 Nfxd5 ({Of course not} 16... Nexd5 $6 17. Nxd5 exd5 18. Rfe1+ Kf8 19. Qe3 Qxe3 20. Rxe3 $11) (16... exd5 $17 17. Rce1 Qd6) 17. Nxd5 $15 Qg5+ 18. Kh1 Nxd5 (18... exd5 $15 19. Rc7 O-O) 19. Rg1 $14 Qf6 (19... Qd8 $14) 20. Bxd5 $18 exd5 {[%emt 0:00:01] [#]} 21. Qa3 $1 Kd7 {[%emt 0:01:50] [#]} 22. Qa5 $2 (22. Qh3+ $1 $16 {and life is bright.} Qe6 23. Qb3 (23. Qc3 Rhc8 $15)) 22... Qf3+ $19 23. Rg2 {[%emt 0:06:42] Intending Qc7+ and mate.} Rhc8 {[%emt 0:00:02] Prevents Qc7+.} 24. Re1 Rc6 (24... Re8 $142 25. Rf1 (25. Rc1 $2 Rac8 $17) 25... Rac8) 25. Qb4 $17 Re8 $40 {[%emt 0:00:47][%mdl 128] White must now prevent ...Rxe1+. Black wants a kill.} 26. Rxe8 (26. Qxb7+ $17 Rc7 27. Qxc7+ Kxc7 28. Rxe8) 26... Kxe8 {[%emt 0:00:02][%mdl 4096] Endgame KQR-KQR. Really sharp!} 27. Qe1+ Re6 28. Qc1 Kd7 29. Kg1 g5 (29... Re2 $142 {Hoping for ...g5.} 30. h4 Qe4) 30. Rg3 $19 Qe2 31. Qc3 (31. h3 $142) 31... Qe1+ (31... Rf6 $142 32. Qe3 Qxb2) 32. Kg2 (32. Qxe1 {only move.} Rxe1+ 33. Kg2) 32... Qxc3 33. Rxc3 {[%emt 0:00:30] KR-KR} Re2 34. Rb3 b5 35. Kf3 Re4 36. Ra3 Re6 (36... Rxd4 $19 {aiming for ...Ra4.} 37. Rxa6 Rf4+ 38. Kg2 Rg4+ 39. Kf3 Rf4+ 40. Kg2 h5) 37. Rc3 (37. Kg3 $17) 37... h5 38. Rc5 (38. Ra3 $17 {was called for.}) 38... Kd6 39. Rc8 Rf6+ 40. Kg3 $2 (40. Ke3) 40... Rf4 41. Ra8 Rxd4 42. Rxa6+ Ke5 43. Rb6 b4 44. a4 $2 (44. Kf3 Rf4+ 45. Kg2) 44... bxa3 {[%emt 0:00:02] Black is clearly winning.} 45. bxa3 Ra4 46. Rb3 h4+ 47. Kf3 g4+ 48. Ke3 f5 {[%emt 0:00:05] Weighted Error Value: White=0.68/Black=0.29 (precise)} 0-1

[Event "5th Vera Menchik Memorial 2022"]
[Site "Prag"]
[Date "2022.06.05"]
[Round "5.15"]
[White "Vrana, Frantisek"]
[Black "Mladek, Jiri"]
[Result "1-0"]
[ECO "A25"]
[WhiteElo "2213"]
[BlackElo "1519"]
[Annotator "TA"]
[PlyCount "53"]
[EventDate "2022.06.05"]
[EventType "tourn"]
[EventCountry "CZE"]
[SourceTitle "playchess.com"]
[Source "ChessBase"]
[SourceQuality "1"]
[TimeControl "720+3"]

1. c4 e5 2. Nc3 Nf6 3. g3 Bc5 4. Bg2 O-O 5. e3 Nc6 6. Nge2 d6 7. O-O Bg4 8. h3 {[%emt 0:00:09] A25: English Opening vs King's Indian with ...Nc6 but without early d3.} Bf5 9. d4 {[%emt 0:00:20] [#] Strongly threatening g4.} exd4 10. Nxd4 (10. exd4 $16 Bb6 11. g4) 10... Bxd4 (10... Bd7 $11) 11. exd4 $16 {[%emt 0:00:03] [#]} Qd7 $146 (11... h6 $16) ({Predecessor:} 11... Re8 12. Be3 Ne4 13. Qb3 Rb8 14. Kh2 Nxc3 15. Qxc3 Be4 16. b4 Bxg2 17. Kxg2 Qf6 {1-0 (47) Hirschinger,T (1960)-Sommer,J (1794) Playchess.com INT 2020}) 12. g4 Bg6 13. d5 (13. f4 $18) 13... Ne5 (13... Nb8 $16 14. f4 h6) 14. f4 $18 Nxc4 (14... Nexg4 {was necessary.} 15. hxg4 Nxg4) 15. f5 Rae8 16. Qd4 Ne5 17. fxg6 fxg6 18. Bg5 (18. Qxa7 $6 Nfxg4 19. Bg5 (19. hxg4 Rxf1+ 20. Kxf1 Qxg4 $11) 19... h6 $16) 18... h5 (18... h6 {was called for.}) 19. Bxf6 ({Weaker is} 19. Qxa7 hxg4 20. Qa4 (20. Qxb7 $2 gxh3 21. Qb4 hxg2 $19) 20... Qxa4 21. Nxa4 gxh3 $16) 19... Rxf6 20. Rxf6 gxf6 21. gxh5 gxh5 22. Ne4 Kf7 {[%emt 0:00:37] [#]} (22... Qg7 {might work better.} 23. Qf2 (23. Qxa7 f5 $11) 23... Rf8) 23. Rf1 Rg8 24. Nxf6 Qxh3 25. Nxg8+ {[%emt 0:00:10] White mates.} Nf3+ 26. Rxf3+ Kxg8 27. Rxh3 {[%emt 0:00:08] White took control after the opening.  Weighted Error Value: White=0.11 (very precise) /Black=1.00} 1-0

[Event "5th Vera Menchik Memorial 2022"]
[Site "Prag"]
[Date "2022.06.05"]
[Round "5.16"]
[White "Akerman, Jan"]
[Black "Lnenickova, Gabriela"]
[Result "1/2-1/2"]
[ECO "A27"]
[WhiteElo "1524"]
[BlackElo "2146"]
[Annotator "TA"]
[PlyCount "54"]
[EventDate "2022.06.05"]
[EventType "tourn"]
[EventCountry "CZE"]
[SourceTitle "playchess.com"]
[Source "ChessBase"]
[SourceQuality "1"]
[TimeControl "720+3"]

1. c4 e5 2. Nc3 Nc6 3. Nf3 f5 4. d4 exd4 5. Nxd4 Nxd4 6. Qxd4 {[%emt 0:00:02] A27: English Opening: Three Knights Variation.} Nf6 7. Qe5+ (7. g3 $14) 7... Be7 $1 $11 8. Qxf5 {[%emt 0:00:03] The position is equal.} d5 9. Qd3 {[%emt 0:00:01][%cal Rc4d5] [#]} dxc4 $146 (9... d4 $1 $11 10. Nd5 Nxd5 11. cxd5 Bb4+ 12. Kd1 (12. Bd2 Bxd2+ 13. Qxd2 Qxd5 $11) 12... Qxd5) ({Predecessor:} 9... d4 10. Nb5 c5 11. Bf4 O-O 12. Nc7 Rb8 13. Nb5 Ra8 14. Nc7 Rb8 15. Nd5 Nxd5 16. Bxb8 {0-1 (23) Stumpf,D (1785)-Hagenbeck Huebert,B (1744) Playchess.com INT 2020}) 10. Qxc4 $16 Bf5 (10... c6 $142) 11. e4 Bg6 12. e5 Nd7 {[%emt 0:00:34] [#]} 13. Bf4 {[%emt 0:00:03] White is more active.} ({White should try} 13. Be3 $1 {Rd1 is the strong threat.} c6 14. O-O-O) 13... Nb6 14. Qe2 (14. Qb3 $16) 14... Qd4 15. g3 O-O-O $2 (15... Bb4 $1 $14 16. Qe3 (16. Rd1 Bxc3+ 17. bxc3 Qxc3+ 18. Bd2 Qc2 $14) 16... Qd5) 16. Bh3+ $2 (16. Rd1 $18 Qb4 17. Bh3+ Kb8 18. O-O) 16... Kb8 $11 17. O-O {[%emt 0:00:06] And now e6 would win.} Bd3 18. Qf3 {[%emt 0:00:44][%cal Oe5e6] Threatens to win with e6!} Bxf1 19. Rxf1 {[%emt 0:00:03] [#]} g5 $1 20. Bg2 c6 21. Be3 (21. Rd1 $17 Qb4 22. Bc1) 21... Qxe5 $19 22. Qf7 Bc5 23. Bc1 $2 (23. Bxc5 Qxc5 24. Ne4) 23... Rhf8 24. Qxh7 {[%emt 0:00:47] [#]} Rxf2 $1 {[%emt 0:00:30][%mdl 512] ( -> ...Rdf8)} 25. Kh1 (25. Qe4 Rf4+) 25... Rxf1+ 26. Bxf1 Qd4 27. Ne2 Qd5+ {[%emt 0:00:28][%mdl 32768] Quite a comeback for Black.  Weighted Error Value: White=1.01/Black=0.25 (precise) . An unexpected result.} 1/2-1/2

[Event "5th Vera Menchik Memorial 2022"]
[Site "Prag"]
[Date "2022.06.05"]
[Round "6.1"]
[White "Pulpan, Jakub"]
[Black "Jirovsky, Milos"]
[Result "1/2-1/2"]
[WhiteElo "2418"]
[BlackElo "2458"]
[Annotator "TA"]
[PlyCount "28"]
[EventDate "2022.06.05"]
[EventType "tourn"]
[EventCountry "CZE"]
[SourceTitle "playchess.com"]
[Source "ChessBase"]
[SourceQuality "1"]
[TimeControl "720+3"]

1. Nf3 d5 2. b3 Nf6 3. Bb2 g6 4. c4 dxc4 5. bxc4 Bg7 {[%emt 0:00:01] The position is equal.} 6. g3 {[%emt 0:00:05] A06: Réti Opening: 1 Nf3 d5.} b6 7. Bg2 {[%emt 0:00:04] Strongly threatening Ne5.} Bb7 8. O-O {[%emt 0:00:02] [#] Not much happened in this game.  Weighted Error Value: White=0.00 (flawless) /Black=0.04 (flawless)} {Predecessor:} c5 $146 9. d3 O-O 10. Nbd2 Nc6 11. Ne5 Qc7 12. a4 Nxe5 13. Bxe5 Qxe5 14. Bxb7 Rab8 {0-1 (44) Duda,J (2756)-Wojtaszek,R (2700) Bydgoszcz 2021} 1/2-1/2